 Dungeon Crawl Stone Soup version 0.31.0-11-ge490571c62 (webtiles) character file.

Game seed: 10383482914684099072

9276073 Hi5aMiFi the Bringer of Light (level 27, 249/249 HPs)
             Began as a Formicid Delver on Jan 30, 2024.
             Was the Champion of the Shining One.
             Escaped with the Orb
             ... and 10 runes on Feb 1, 2024!
             The game lasted 08:57:56 (77482 turns).

Hi5aMiFi the Bringer of Light (Formicid Delver)    Turns: 77482, Time: 08:57:57

Health: 249/249    AC: 50    Str: 33    XL:     27
Magic:  31/31      EV: 11    Int:  6    God:    the Shining One [******]
Gold:   7440       SH: 26    Dex: 19    Spells: 26/26 levels left

rFire   + + +        S - +9 executioner's axe (holy)
rCold   + + .        M - +0 tower shield {AC+3}
rNeg    + + +        s - +10 gold dragon scales
rPois   +            (helmet unavailable)
rElec   +            x - +1 cloak of the Cooper {Regen+ Str+5 Int-3 SInv}
rCorr   +            o - +0 pair of gloves "Abiruggi" {Will+ MP-9 Str+5 Dex+4}
SInv    +            i - +2 pair of boots {Fly}
Will    ++++.        H - amulet "Pixtiemi" {Faith rElec Regen+ Str-5} Stlth
                     P - ring "Wuemuekk" {rPois rF+++ rN+ rCorr Int-4}
HPRegen 2.21/turn    G - ring of Creativity {rF+ Will+}
MPRegen 0.22/turn

%: faith
@: flying, glowing, studying 2 skills
A: permanent stasis, dig shafts and tunnels, antennae 3, four strong arms, cold
resistance 1, mutation resistance 1, screaming 1, shaggy fur 1
0: Orb of Zot
}: 10/15 runes: decaying, serpentine, slimy, silver, abyssal, demonic, glowing,
magical, fiery, dark
a: Dig, Shaft Self, Renounce Religion, Divine Shield, Cleansing Flame, Summon
Divine Warrior


You escaped.
You worshipped the Shining One.
The Shining One was exalted by your worship.
You visited 12 branches of the dungeon, and saw 56 of its levels.
You visited Pandemonium 1 time, and saw 11 of its levels.
You visited the Abyss 3 times.
You visited 1 bazaar.
You also visited: Trove, Gauntlet, Ice Cave and Wizlab.

You collected 12889 gold pieces.
You spent 5449 gold pieces at shops.

Inventory:

Hand Weapons
 S - a +9 executioner's axe of holy wrath (weapon)
 U - a +9 dire flail of holy wrath
Missiles
 a - 37 boomerangs
 f - 7 darts of dispersal
 t - 7 throwing nets
 z - 12 javelins (quivered)
Armour
 i - a +2 pair of boots of flying (worn)
 o - the +0 pair of gloves "Abiruggi" (worn) {Will+ MP-9 Str+5 Dex+4}
   (You found it in a wizard's laboratory)

   Str+5:     It affects your strength (+5).
   Dex+4:     It affects your dexterity (+4).
   Will+:     It increases your willpower.
   MP-9:      It affects your magic capacity (-9).
 s - +10 gold dragon scales (worn)
 x - the +1 cloak of the Cooper (worn) {Regen+ Str+5 Int-3 SInv}
   (You found it in a treasure trove)

   Str+5:     It affects your strength (+5).
   Int-3:     It affects your intelligence (-3).
   SInv:      It lets you see invisible.
   Regen+:    It increases your rate of health regeneration.
 B - the +2 pair of gloves of Wariness {rC++}
   (You bought it in a shop on level 3 of the Depths)

   rC++:      It greatly protects you from cold.
 M - a +0 tower shield of protection (worn)
 N - the +8 orange crystal plate armour {Archmagi, Int+3 Clar}
   (You found it in a wizard's laboratory)

   Int+3:     It affects your intelligence (+3).
   Clar:      It protects you from confusion, rage, mesmerisation and fear.
 W - the +4 dragonskin cloak
   (You took it off Tiamat on level 4 of the Realm of Zot)

   Avatar's Aegis: It grants the wearer a chance to resist fire, cold, poison,
   electricity, acid, and negative energy.
Jewellery
 l - an amulet of reflection
 q - the ring "Tavon" {rN+ rCorr Str+5}
   (You took it off an efreet in Pandemonium)

   [ring of positive energy]

   Str+5:     It affects your strength (+5).
   rN+:       It protects you from negative energy.
   rCorr:     It protects you from acid and corrosion.
 r - the amulet "Ykaam" {Spirit rF+ Will+ Slay+3}
   (You took it off a deep elf demonologist on level 3 of the Elven Halls)

   [amulet of guardian spirit]

   Spirit:    It causes incoming damage to be divided between your reserves of
   health and magic.
   Slay+3:    It affects your accuracy & damage with ranged weapons and melee
   (+3).
   rF+:       It protects you from fire.
   Will+:     It increases your willpower.
 u - the ring of Winter {rF++ Str+6}
   (You found it on level 5 of the Pits of Slime)

   [ring of strength]

   Str+6:     It affects your strength (+6).
   rF++:      It greatly protects you from fire.
 G - the ring of Creativity (right hand) {rF+ Will+}
   (You found it in Pandemonium)

   [ring of protection from fire]

   rF+:       It protects you from fire.
   Will+:     It increases your willpower.
 H - the amulet "Pixtiemi" (around neck) {Faith rElec Regen+ Str-5}
   (You took it off a naga on level 3 of the Snake Pit)

   [amulet of faith]

   Faith:     It allows you to gain divine favour quickly.
   Str-5:     It affects your strength (-5).
   rElec:     It insulates you from electricity.
   Regen+:    It increases your rate of health regeneration.
 J - a ring of protection from cold
 K - a +4 ring of protection
 P - the ring "Wuemuekk" (left hand) {rPois rF+++ rN+ rCorr Int-4}
   (You took it off a rakshasa on level 1 of the Depths)

   [ring of positive energy]

   Int-4:     It affects your intelligence (-4).
   rF+++:     It renders you almost immune to fire.
   rPois:     It protects you from poison rN+: It protects you from negative
   energy.
   rCorr:     It protects you from acid and corrosion.
 R - the ring "Lijum" {rF+ rN+}
   (You found it on level 5 of the Pits of Slime)

   [ring of positive energy]

   rF+:       It protects you from fire.
   rN+:       It protects you from negative energy.
 X - the amulet "Pavuysse" {Spirit *Slow rElec rPois Slay+5}
   (You took it off a white draconian on level 4 of the Realm of Zot)

   [amulet of guardian spirit]

   Spirit:    It causes incoming damage to be divided between your reserves of
   health and magic.
   Slay+5:    It affects your accuracy & damage with ranged weapons and melee
   (+5).
   rElec:     It insulates you from electricity.
   rPois:     It protects you from poison *Slow: It may slow you when you take
   damage.
Wands
 p - a wand of paralysis (78)
 y - a wand of light (16)
 F - a wand of iceblast (73)
 L - a wand of digging (25)
Scrolls
 c - 14 scrolls of fog
 e - 16 scrolls of fear
 g - 5 scrolls of silence
 m - 12 scrolls of vulnerability
 A - 11 scrolls of poison
 D - 9 scrolls of immolation
 O - 6 scrolls of summoning
 Z - 4 scrolls of revelation
Potions
 b - 9 potions of cancellation
 h - 7 potions of attraction
 k - 41 potions of curing
 n - a potion of resistance
 v - 6 potions of magic
 w - 9 potions of mutation
 C - 4 potions of lignification
 Q - 2 potions of might
 T - 4 potions of ambrosia
 V - 10 potions of heal wounds
 Y - 9 potions of enlightenment
Miscellaneous
 d - a tin of tremorstones (2/2)
 j - a phantom mirror
 E - a box of beasts
 I - a phial of floods


   Skills:
 O Level 27 Fighting
 - Level 1.4 Short Blades
 - Level 22.6(24.0) Axes
 - Level 13.9(19.8) Maces & Flails
 * Level 19.2 Throwing
 O Level 27 Armour
 - Level 5.0 Dodging
 - Level 6.1 Stealth
 O Level 27 Shields
 - Level 0.2 Spellcasting
 - Level 0.8 Hexes
 O Level 27 Invocations
 - Level 20.4 Evocations


You had 26 spell levels left.
You didn't know any spells.
Your spell library contained the following spells:

 Spells                   Type           Power      Damage    Failure   Level
 Apportation              Tloc           0%         N/A       92%         1
 Kiss of Death            Conj/Necr      0%         2d5       92%         1
 Shock                    Conj/Air       0%         1d3       92%         1
 Sting                    Conj/Alch      0%         1d3       92%         1
 Summon Small Mammal      Summ           0%         N/A       92%         1
 Jinxbite                 Hex            2%         N/A       93%         2
 Ensorcelled Hibernation  Hex/Ice        0%         N/A       95%         2
 Call Imp                 Summ           0%         N/A       98%         2
 Lesser Beckoning         Tloc           0%         N/A       98%         2
 Mercury Vapours          Alch/Air       0%         N/A       98%         2
 Sublimation of Blood     Necr           0%         N/A       98%         2
 Confusing Touch          Hex            1%         N/A       99%         3
 Dazzling Flash           Conj/Hex       0%         N/A       99%         3
 Call Canine Familiar     Summ           0%         N/A       100%        3
 Frozen Ramparts          Ice            0%         1d1       100%        3
 Fugue of the Fallen      Necr           0%         N/A       100%        3
 Gell's Gravitas          Tloc           0%         N/A       100%        3
 Mephitic Cloud           Conj/Alch/Air  0%         N/A       100%        3
 Ozocubu's Armour         Ice            0%         N/A       100%        3
 Passwall                 Erth           0%         N/A       100%        3
 Stone Arrow              Conj/Erth      0%         3d7       100%        3
 Teleport Other           Tloc           0%         N/A       100%        3
 Volatile Blastmotes      Fire/Tloc      0%         2d10      100%        3
 Airstrike                Air            0%         2d(0-16)  100%        4
 Anguish                  Hex/Necr       0%         N/A       100%        4
 Animate Armour           Summ/Erth      0%         N/A       100%        4
 Brom's Barrelling Bould  Conj/Erth      0%         2d3       100%        4
 Cause Fear               Hex            0%         N/A       100%        4
 Dispel Undead            Necr           0%         3d6       100%        4
 Fulminant Prism          Conj/Alch      0%         3d5       100%        4
 Iskenderun's Mystic Bla  Conj/Tloc      0%         2d3       100%        4
 Leda's Liquefaction      Alch/Erth      0%         N/A       100%        4
 Manifold Assault         Tloc           0%         N/A       100%        4
 Olgreb's Toxic Radiance  Alch           0%         N/A       100%        4
 Petrify                  Alch/Erth      0%         N/A       100%        4
 Summon Blazeheart Golem  Fire/Summ      0%         N/A       100%        4
 Alistair's Intoxication  Alch           0%         N/A       100%        5
 Arcjolt                  Conj/Air       0%         1d10      100%        5
 Curse of Agony           Necr           0%         N/A       100%        5
 Fireball                 Conj/Fire      0%         3d3       100%        5
 Freezing Cloud           Conj/Ice/Air   0%         6-21      100%        5
 Irradiate                Conj/Alch      0%         3d11      100%        5
 Iskenderun's Battlesphe  Conj           0%         2d6       100%        5
 Lee's Rapid Deconstruct  Erth           0%         3d4*      100%        5
 Metabolic Englaciation   Hex/Ice        0%         N/A       100%        5
 Silence                  Hex/Air        0%         N/A       100%        5
 Summon Forest            Summ/Tloc      0%         N/A       100%        5
 Yara's Violent Unravell  Hex/Alch       0%         3d3       100%        5
 Bombard                  Conj/Erth      0%         9d1       100%        6
 Conjure Ball Lightning   Conj/Air       0%         3x3d6     100%        6
 Dispersal                Tloc           0%         N/A       100%        6
 Eringya's Noxious Bog    Alch           0%         4d6       100%        6
 Sculpt Simulacrum        Ice/Alch       0%         N/A       100%        6
 Starburst                Conj/Fire      0%         6d3       100%        6
 Enfeeble                 Hex            0%         N/A       100%        7
 Haunt                    Necr/Summ      0%         N/A       100%        7
 Malign Gateway           Summ/Tloc      0%         N/A       100%        7
 Orb of Destruction       Conj           0%         9d5       100%        7
 Ozocubu's Refrigeration  Ice            0%         4d7       100%        7
 Spellforged Servitor     Conj/Summ      0%         N/A       100%        7
 Summon Hydra             Summ           0%         N/A       100%        7
 Discord                  Hex            0%         N/A       100%        8
 Disjunction              Tloc           0%         N/A       100%        8
 Lehudib's Crystal Spear  Conj/Erth      0%         10d2      100%        8
 Maxwell's Capacitive Co  Air            0%         ∞         100%        8
 Dragon's Call            Summ           0%         N/A       100%        9
 Polar Vortex             Ice            0%         N/A       100%        9
 Swiftness                Air            Unusable   N/A       N/A         3
 Vhi's Electric Charge    Tloc/Air       Unusable   N/A       N/A         4

Dungeon Overview and Level Annotations

Branches:
Dungeon (15/15)            Temple (1/1) D:5            Lair (5/5) D:11
  Swamp (4/4) Lair:3        Snake (4/4) Lair:3        Slime (5/5) Lair:4
    Orc (2/2) D:10            Elf (3/3) Orc:2        Vaults (5/5) D:14
  Crypt (3/3) Vaults:2       Tomb (0/3) Crypt:3      Depths (4/4) D:15
    Zot (5/5) Depths:4      IceCv (visited)          WizLab (visited)
Gauntlet (visited)

Altars:
Ashenzari
Cheibriados
Dithmenos
Elyvilon
Fedhas
Gozag
Hepliaklqana
Kikubaaqudgha
Makhleb
Nemelex Xobeh
Okawaru
Qazlal
Ru
Sif Muna
Trog
Uskayaw
Vehumet
Wu Jian
Xom
Yredelemnul
Zin
The Shining One
Jiyva
Lugonu

Shops:
D:2 *   D:6 [   D:11 *   Orc:2 [?[[   Elf:2 :   Vaults:1 *   Vaults:5 (
Zot:1 *   Depths:1 [(*   Depths:3 (*[*

Portals:
Hell: Depths:1 Depths:2 Depths:3 Depths:4
Abyss: Depths:1 Depths:3 Depths:4
Pandemonium: Depths:2
Ziggurat: Depths:4


Innate Abilities, Weirdness & Mutations

You cannot be hasted, slowed, berserked, paralysed or teleported.
You can dig through walls and to a lower floor.
You have a pair of large antennae on your head. (SInv)
Your four strong arms can wield two-handed weapons with a shield.
Your flesh is cold resistant. (rC+)
You are somewhat resistant to further mutation.
You occasionally shout uncontrollably at your foes.
You are covered in fur. (AC +1)


Message History

There is a stone staircase leading up here.
You fly upwards.
There is a stone staircase leading down here.
Aiming: Dig
Press: ? - help, Shift-Dir - straight line A rock wall.
This square is lit by a halo and is covered in magical glow.
The rock shatters into small pieces.
There is a stone staircase leading up here.
You fly upwards.
There is a stone staircase leading down here.
A chaos spawn comes into view.
You yell at the chaos spawn!
There is a stone staircase leading up here.
You fly upwards.
There is a stone staircase leading down here.
There is a stone staircase leading up here.
You fly upwards.
There is a stone staircase leading down here.
Aiming: Dig
Press: ? - help, Shift-Dir - straight line A rock wall.
This square is lit by a halo and is covered in magical glow.
The rock shatters into small pieces.
There is a stone staircase leading up here.
You fly upwards.
There is a stone staircase leading down here.
There is a stone staircase leading up here.
You fly upwards.
There is a stone staircase leading down here.
There is an escape hatch in the floor here.
A tormentor comes into view.
A tormentor is nearby!
A tormentor is nearby!
You block the tormentor's attack. The tormentor misses you.
You slice the tormentor like a ripe choko!!!
You kill the tormentor!
The Shining One accepts your kill.
There is a staircase leading out of the dungeon here.
You have escaped!

#...#)##...).#
#♣.♣#.##.....#
♣.♣#........#
♣.♣###......#
♣.♣ ###.#### ♣.♣
#.....# ♣.♣
#.....## ♣.♣
#......######
♣@♣
######.##....
♣.♣ #....... ♣.♣
#....... ♣.♣
#....... ♣.♣
#....... ♣.♣
#######...#...
♣.♣
#.........####
#♣.♣##.#########
#...#..#


There were no monsters in sight!

Vanquished Creatures
  Cerebov (Pan)
  4 pandemonium lords
  the Royal Jelly (Slime:5)
  Ignacio (Pan)
  Lom Lobon (Pan)
  A seraph (Depths:4)
  Tiamat (Zot:4)
  3 orbs of fire (Zot:5)
  3 ancient liches
  3 dread liches
  3 juggernauts
  Sojobo (Crypt:2)
  10 Killer Klowns (Zot:5)
  Parghit (Depths:4)
  Vashnia (Snake:2)
  Saint Roka (Elf:2)
  3 caustic shrikes (Depths:4)
  Norris (Elf:3)
  14 golden dragons
  A profane servitor (Abyss:4)
  4 electric golems
  3 bone dragons
  5 Tzitzimimeh (Pan)
  5 Brimstone Fiends (Pan)
  Jorgrun (D:12)
  Zenata (Elf:2)
  An Ice Fiend (WizLab)
  25 tentacled monstrosities
  4 liches
  A walking crystal tome (Depths:3)
  2 deep elf blademasters (Elf:3)
  27 Orb Guardians
  2 titans
  16 tentacled starspawn
  4 walking frostbound tomes
  A walking divine tome (Abyss:4)
  5 quicksilver dragons
  12 acid blobs
  2 deep elf master archers (Elf:3)
  Frances (Snake:2)
  7 ancient champions
  11 sphinxes
  5 death cobs
  11 storm dragons
  13 Executioners (Pan)
  9 tengu reavers
  7 fenstrider witches (Pan)
  Kirke (Lair:3)
  8 demonspawn warmongers (Pan)
  Roxanne (Snake:2)
  11 azure jellies
  7 protean progenitors
  12 fire giants
  5 draconian monks
  11 shadow dragons
  4 revenants
  7 nagarajas
  7 rockslimes
  14 frost giants
  Donald (Snake:4)
  8 draconian knights
  5 spectral caustic shrikes (Depths:1)
  6 deep elf sorcerers
  A daeva (Zot:5)
  6 draconian shifters
  5 curse skulls
  9 draconian scorchers
  18 vault wardens
  17 balrugs
  18 ironbound preservers
  6 draconian annihilators
  3 draconian stormcallers
  3 caustic shrike skeletons (Pan)
  13 ghouls
  An orc warlord (Vaults:2)
  19 reapers
  Louise (Swamp:1)
  4 angels
  26 cacodemons (Pan)
  8 demonspawn corrupters (Pan)
  13 stone giants
  8 demonspawn blood saints (Pan)
  9 quicksilver oozes
  35 very ugly things
  7 ironbound thunderhulks
  8 spriggan defenders
  7 formless jellyfish
  5 juggernaut skeletons (Pan)
  11 vampire knights
  Nessos (Lair:4)
  6 deep elf demonologists (Elf:3)
  3 deep elf death magi
  2 war gargoyles
  6 deep elf annihilators
  Azrael (Elf:2)
  15 purple draconians
  7 lorocyprocas
  17 black draconians
  8 green draconians
  12 dire elephants (Vaults:1)
  A minotaur (Gauntlet)
  7 red draconians
  14 yellow draconians
  4 demonspawn black suns (Pan)
  13 white draconians
  3 eleionomae
  7 spark wasps
  The ghost of ezpacito the Cleaver, a journeyman DsBe of Trog (Swamp:1)
  4 bunyips
  An eidolon (Crypt:1)
  33 blizzard demons
  12 ettins
  Josephine (Lair:3)
  Snorg (D:13)
  A merfolk impaler (Depths:2)
  16 green deaths (Pan)
  21 jiangshi
  3 spriggan zombies (Depths:2)
  8 fire dragons
  18 yaktaur captains
  2 deep elf high priests (Elf:3)
  A shambling mangrove (Swamp:4)
  8 great orbs of eyes
  A jorogumo (Pan)
  Erolcha (D:12)
  15 ice dragons
  32 vault guards
  7 rakshasas
  Harold (Lair:2)
  3 catoblepae
  A ghost crab (Swamp:2)
  A spectral shadow dragon (Crypt:3)
  3 salamander tyrants (Snake:4)
  7 ironbound frosthearts
  6 hell beasts
  9 spriggan air magi
  16 centaur warriors
  12 hydras
  2 ogre magi
  3 death knights
  A merfolk aquamancer (Pan)
  6 two-headed ogres
  7 alligators
  24 dancing weapons
  A two-headed ogre (shapeshifter) (Vaults:5)
  6 boulder beetles
  17 naga warriors
  7 anacondas
  2 deep troll shamans
  A sphinx skeleton (Vaults:4)
  7 tengu warriors
  12 vampire magi
  12 death yaks
  7 deep troll earth magi
  5 hell hogs
  8 demonic crawlers (Pan)
  9 spriggan berserkers
  18 naga sharpshooters
  3 orc high priests
  12 thrashing horrors (Abyss:4)
  18 soul eaters
  32 sun demons
  23 deep elf knights
  2 titan skeletons
  3 occultists
  5 iron trolls
  40 skeletal warriors
  6 skysharks
  22 sixfirhies
  11 wretched stars
  8 hell knights
  4 shock serpents
  19 spriggans
  Nergalle (D:12)
  A spectral bunyip (Swamp:1)
  5 hellephant skeletons (Pan)
  2 spatial maelstroms
  4 salamander mystics
  12 shadow demons
  5 spark wasp zombies (Depths:2)
  A deep troll (shapeshifter) (Depths:3)
  7 shadow wraiths
  5 spriggan druids
  60 deep trolls
  2 cherubim
  7 goliath frogs
  8 mana vipers
  18 ironbound convokers
  7 glowing orange brains
  7 sun moths (Pan)
  2 arcanists
  4 bog bodies
  A harpy (Vaults:2)
  6 naga ritualists
  14 swamp dragons
  2 fenstrider witch simulacra (Swamp:1)
  13 flayed ghosts
  9 deep elf archers
  17 lindwurms
  A harpy (shapeshifter) (D:12)
  27 deep elf pyromancers
  17 phantasmal warriors
  32 large abominations
  27 starcursed masses
  16 deep elf zephyrmancers
  A bunyip skeleton (Crypt:1)
  7 orc sorcerers
  12 orc knights
  11 shining eyes
  A faun (shapeshifter) (Vaults:5)
  3 human zombies
  9 necromancers
  2 wolf spiders (Pan)
  A steelbarb worm (shapeshifter) (Depths:4)
  11 salamanders
  A stone giant zombie (Vaults:1)
  5 manticores
  9 cyclopes
  6 will-o-the-wisps
  4 Executioner simulacra (Pan)
  27 moths of wrath
  23 ugly things
  2 worldbinders (Abyss:4)
  A shadow dragon skeleton (Crypt:1)
  18 naga magi
  2 stone giant skeletons (Crypt:2)
  A frost giant skeleton (Crypt:2)
  2 water nymphs (shapeshifter)
  34 black mambas
  9 guardian serpents
  2 meliai (shapeshifter)
  6 human skeletons
  4 eyes of devastation
  10 elephants (Lair:5)
  The ghost of HilariousDeathArtist the Insei, a novice DgSh (D:6)
  An eye of devastation (shapeshifter) (Elf:3)
  2 rust devils
  The ghost of tdog the Covert, a novice SpBr of Okawaru (D:6)
  8 ice statues
  23 smoke demons
  4 centaur skeletons
  An unseen horror (shapeshifter) (D:15)
  14 vault sentinels
  21 orange demons (Pan)
  An apocalypse crab (Abyss:3)
  The ghost of ces the Skirmisher, a novice SpHu (D:6)
  2 gargoyles
  13 cane toads
  A hellion (Abyss:3)
  An elf zombie (Vaults:1)
  Maggie (Lair:2)
  A bunyip simulacrum (Swamp:1)
  11 unseen horrors
  6 freezing wraiths
  9 efreet
  37 yaktaurs
  8 tengu conjurers
  10 ice devils
  2 rime drakes
  10 komodo dragons
  4 tormentors
  A great orb of eyes zombie (Crypt:2)
  Psyche (D:12)
  7 ancient zymes
  2 queen bees (shapeshifter)
  2 red devils
  9 trolls
  A harpy zombie (Crypt:2)
  A spectral death drake (Swamp:1)
  2 spectral nagas (Snake:4)
  11 polar bears
  10 tyrant leeches
  14 hellwings
  20 hornets
  23 raiju
  An ettin zombie (Vaults:4)
  2 spectral guardian serpents (Crypt:1)
  A harpy skeleton (D:14)
  14 dream sheep
  15 blink frogs
  3 glass eyes
  An ice dragon skeleton (Crypt:1)
  A glass eye (shapeshifter) (Vaults:5)
  108 slime creatures
  9 water elementals
  A slime creature (shapeshifter) (Vaults:5)
  A centaur simulacrum (D:15)
  An air elemental (Elf:3)
  12 small abominations
  A vampire (D:12)
  2 shadows
  4 fire bats
  A dire elephant simulacrum (IceCv)
  2 wyverns
  9 wraiths
  A yak (shapeshifter) (D:14)
  16 ynoxinuls
  7 basilisks
  A golden eye (shapeshifter) (Elf:1)
  Eustachio (D:6)
  27 yaks
  14 neqoxecs
  4 hogs (Lair:3)
  6 fire elementals
  23 vampire mosquitoes
  A yaktaur simulacrum (Vaults:3)
  10 wargs
  4 redbacks
  A death yak simulacrum (IceCv)
  A redback (shapeshifter) (Vaults:5)
  17 chaos spawn
  Menkaure (D:4)
  2 elf skeletons
  2 harpy simulacra (IceCv)
  46 nagas
  4 spatial vortices (Abyss:3)
  17 swamp worms
  A glowing shapeshifter zombie (Vaults:1)
  4 acid dragons
  Duvessa (D:4)
  An entropy weaver zombie (Crypt:2)
  25 hell hounds
  10 swamp drakes
  11 water moccasins
  30 orc warriors
  15 black bears
  4 ice beasts
  A lindwurm zombie (Crypt:1)
  2 sky beasts
  An ettin simulacrum (Vaults:3)
  23 laughing skulls
  A boggart (Elf:1)
  19 wolves
  21 centaurs
  9 ogres
  A phantom (D:7)
  5 weeping skulls
  A fire crab zombie (Crypt:1)
  A brain worm (Abyss:4)
  An elf simulacrum (Vaults:3)
  2 kobold brigands
  3 earth elementals
  A gnoll sergeant (D:9)
  7 bullfrogs
  5 necrophages
  A scorpion (D:6)
  A yaktaur skeleton (Crypt:2)
  2 cane toad simulacra (IceCv)
  15 wights
  4 burial acolytes (Crypt:3)
  Dowan (D:4)
  3 elephant simulacra (IceCv)
  5 killer bees (D:9)
  5 howler monkeys
  8 electric eels
  A jelly (D:6)
  2 bombardier beetles
  34 orc priests
  3 hounds
  2 gnoll boudas (D:7)
  3 iron imps
  Terence (D:2)
  3 sleepcaps
  9 iguanas
  Ijyb (D:4)
  52 orc wizards
  A boggart skeleton (D:14)
  An acid dragon zombie (Crypt:2)
  2 naga skeletons
  11 gnolls
  8 adders
  3 river rats (D:5)
  2 shadow imps
  8 white imps
  5 ufetubi
  A jelly zombie (Crypt:2)
  3 dart slugs
  4 ribbon worms
  65 orcs
  9 bats
  9 endoplasms
  5 giant cockroaches
  21 goblins
  7 hobgoblins
  4 jackals (D:3)
  21 kobolds
  2 quokkas (D:4)
  7 ball pythons
  A frilled lizard (D:3)
  5 rats
  2 aspiring fleshes
  3 ball lightnings (Pan)
  2 lurking horrors (Abyss:4)
  5 starspawn tentacles
3181 creatures vanquished.

Vanquished Creatures (collateral kills)
  Mnoleg (Pan)
  Gloorx Vloq (Pan)
  A seraph (Zot:5)
  2 golden dragons (Depths:4)
  A profane servitor (Crypt:3)
  A walking divine tome (Depths:4)
  A death cob (Zot:1)
  3 storm dragons
  A draconian knight (Zot:1)
  Aizul (Snake:1)
  A fire giant (Depths:4)
  A revenant (Crypt:3)
  A demonspawn warmonger (Pan)
  A deep elf sorcerer (Vaults:3)
  2 balrugs (Pan)
  An angel (Zot:5)
  A vault warden (Vaults:5)
  A draconian stormcaller (Zot:1)
  2 cacodemons (Pan)
  3 ironbound preservers
  3 reapers (Pan)
  A very ugly thing (Depths:4)
  A juggernaut skeleton (Pan)
  A green draconian (Depths:4)
  An ironbound thunderhulk (Vaults:2)
  A white draconian (Zot:1)
  A deep elf annihilator (Vaults:5)
  2 red draconians
  2 spark wasps (Depths:4)
  3 yaktaur captains
  2 fire dragons (Depths:4)
  3 vault guards
  A deep elf high priest (Vaults:5)
  A great orb of eyes (Vaults:2)
  A peacekeeper (Vaults:2)
  An ironbound frostheart (Vaults:2)
  A spriggan air mage (Depths:4)
  A jorogumo (Pan)
  A boulder beetle (Vaults:1)
  A thrashing horror (Abyss:3)
  A hellephant skeleton (Pan)
  A deep elf knight (Elf:3)
  5 sun demons (Pan)
  A skeletal warrior (Crypt:3)
  A skyshark (Elf:3)
  A mana viper (Snake:1)
  A flayed ghost (Crypt:3)
  3 deep trolls
  An arcanist (Vaults:3)
  A lindwurm (Vaults:3)
  An ironbound convoker (Vaults:5)
  A large abomination (Abyss:3)
  A moth of wrath (Zot:1)
  A vault sentinel (Vaults:5)
  An elephant (shapeshifter) (Vaults:5)
  2 black mambas (Snake:1)
  An orange demon (Pan)
  8 yaktaurs
  A slime creature (Slime:5)
  A wraith (Crypt:3)
  4 nagas
  A laughing skull (Crypt:3)
  An orc priest (Vaults:5)
  2 orcs (Vaults:5)
98 creatures vanquished.

Vanquished Creatures (others)
  A demonspawn blood saint (Pan)
  A rakshasa (Abyss:3)
  A deep elf pyromancer (D:14)
  3 deep elf zephyrmancers
  A smoke demon (Pan)
  5 bloated husks
  A ynoxinul (Pan)
  A golden eye (Abyss:4)
  5 vampire mosquitoes (Swamp:1)
  A swamp worm (Swamp:1)
  An ufetubus (Abyss:4)
  An orc (D:7)
  9 ball lightnings (Pan)
  6 foxfires
  A lurking horror (Abyss:4)
  32 starspawn tentacles
70 creatures vanquished.

Grand Total: 3349 creatures vanquished

Notes
Turn   | Place    | Note
-------+----------+-------------------------------------------
     0 | D:5      | Hi5aMiFi the Formicid Delver began the quest for the Orb.
     0 | D:5      | Reached XP level 1. HP: 18/18 MP: 1/1
   101 | D:4      | Noticed an ogre
   249 | D:3      | Reached XP level 2. HP: 7/25 MP: 2/2
   373 | D:2      | Reached skill level 1 in Short Blades
   373 | D:2      | Reached XP level 3. HP: 30/30 MP: 3/3
   426 | D:2      | Noticed Terence
   492 | D:2      | Found Epliotza's General Store.
   542 | D:2      | Bought a potion of heal wounds for 55 gold pieces
   542 | D:2      | Bought a scroll of identify for 22 gold pieces
  1633 | D:2      | Reached XP level 4. HP: 37/37 MP: 4/4
  1926 | D:3      | Found a snail-covered altar of Cheibriados.
  1926 | D:3      | Found a burning altar of Makhleb.
  2130 | D:3      | Identified the +1 robe of Cedesm {+Blink rN+ Archmagi}
  2287 | D:3      | Reached skill level 1 in Armour
  2466 | D:4      | Reached skill level 1 in Maces & Flails
  2466 | D:4      | Reached XP level 5. HP: 39/42 MP: 5/5
  2509 | D:2      | Bought a potion of might for 44 gold pieces
  2733 | D:1      | Reached skill level 1 in Shields
  2889 | D:4      | Noticed Dowan
  2960 | D:4      | Noticed Duvessa
  3030 | D:4      | Noticed Ijyb
  3035 | D:4      | Killed Ijyb
  3061 | D:4      | Noticed Menkaure
  3197 | D:3      | Reached XP level 6. HP: 43/49 MP: 6/6
  3358 | D:2      | Killed Terence
  3480 | D:2      | Found a faded altar of an unknown god.
  3918 | D:4      | Killed Duvessa
  3919 | D:4      | Reached skill level 5 in Fighting
  3930 | D:4      | Killed Dowan
  3931 | D:4      | Reached XP level 7. HP: 51/56 MP: 7/7
  4401 | D:5      | Found a staircase to the Ecumenical Temple.
  4408 | Temple   | Entered the Ecumenical Temple
  4414 | Temple   | Became a worshipper of the Shining One
  4543 | D:5      | Reached skill level 1 in Invocations
  4781 | D:5      | Reached XP level 8. HP: 62/62 MP: 9/9
  4879 | D:6      | Noticed Eustachio
  4915 | D:6      | Found a runed translucent gate.
  4936 | D:6      | Reached skill level 5 in Maces & Flails
  4952 | D:6      | Found Teodosio's Dragon-Slaying Spoils.
  5154 | D:6      | Found a runed translucent gate.
  5163 | D:6      | Found a runed translucent gate.
  5164 | D:6      | Noticed HilariousDeathArtist's ghost (novice DgSh)
  5164 | D:6      | Noticed tdog's ghost (novice SpBr)
  5164 | D:6      | Noticed ces's ghost (novice SpHu)
  5550 | D:6      | Reached skill level 5 in Shields
  5572 | D:6      | Killed Eustachio
  5904 | D:6      | Reached XP level 9. HP: 60/69 MP: 11/11
  6092 | D:7      | Reached * piety under the Shining One
  7141 | D:7      | Found a sparkling altar of Nemelex Xobeh.
  7365 | D:8      | Reached ** piety under the Shining One
  7370 | D:8      | Reached skill level 5 in Armour
  7402 | D:8      | Reached XP level 10. HP: 77/77 MP: 13/13
  7808 | D:8      | Noticed a two-headed ogre
  7830 | D:8      | Killed a two-headed ogre
  7831 | D:8      | Reached skill level 5 in Invocations
  8516 | D:9      | Noticed a two-headed ogre
  8524 | D:9      | You fall into a shaft and drop 3 floors!
  8819 | D:12     | Noticed Jorgrun
  8823 | D:12     | You fall into a shaft and drop 2 floors!
  9125 | D:11     | Identified a scroll of acquirement
  9323 | D:10     | Entered Level 10 of the Dungeon
  9343 | D:11     | Noticed a cyclops
  9450 | D:11     | Killed a cyclops
  9451 | D:11     | Reached skill level 10 in Shields
  9535 | D:11     | Found Puischoaho's General Store.
  9543 | D:11     | Bought a scroll of identify for 28 gold pieces
  9543 | D:11     | Bought a potion of cancellation for 112 gold pieces
  9543 | D:11     | Bought a potion of ambrosia for 112 gold pieces
  9552 | D:11     | Noticed an unseen horror
  9557 | D:11     | Killed an unseen horror
  9628 | D:11     | Reached XP level 11. HP: 79/84 MP: 14/14
  9748 | D:10     | Reached *** piety under the Shining One
  9842 | D:9      | Killed a two-headed ogre
 10329 | D:9      | Found a bloodstained altar of Trog.
 10329 | D:9      | Found a basalt altar of Yredelemnul.
 11072 | D:10     | Found a staircase to the Orcish Mines.
 11500 | D:11     | Found a staircase to the Lair.
 11976 | D:4      | Killed Menkaure
 12218 | D:4      | Reached XP level 12. HP: 94/94 MP: 16/16
 12442 | D:6      | Killed ces's ghost
 12451 | D:6      | Killed tdog's ghost
 12453 | D:6      | Killed HilariousDeathArtist's ghost
 12625 | Lair:1   | Entered Level 1 of the Lair of Beasts
 12692 | Lair:1   | Reached skill level 10 in Maces & Flails
 12756 | Lair:1   | Noticed a boulder beetle
 12763 | Lair:1   | Killed a boulder beetle
 12832 | Lair:1   | Found a frozen archway.
 12851 | IceCv    | Entered an ice cave
 12878 | IceCv    | Reached **** piety under the Shining One
 14436 | Lair:2   | Reached XP level 13. HP: 101/101 MP: 18/18
 14533 | Lair:2   | Noticed Maggie
 14545 | Lair:2   | Killed Maggie
 14546 | Lair:2   | Noticed Harold
 14565 | Lair:2   | Killed Harold
 14749 | Lair:2   | Reached skill level 1 in Throwing
 14863 | Lair:3   | Acquired 483 gold pieces
 14865 | Lair:3   | Acquired a manual of Invocations
 15294 | Lair:3   | Reached skill level 15 in Shields
 15334 | Lair:3   | Reached skill level 10 in Fighting
 15361 | Lair:3   | Reached skill level 10 in Armour
 15548 | Lair:3   | Reached skill level 10 in Invocations
 15574 | Lair:3   | Noticed Josephine
 15581 | Lair:3   | Killed Josephine
 15592 | Lair:3   | Reached XP level 14. HP: 110/110 MP: 21/21
 15746 | Lair:3   | Found a staircase to the Snake Pit.
 15951 | Lair:3   | Noticed Kirke
 15977 | Lair:3   | Killed Kirke
 15990 | Lair:3   | Reached ***** piety under the Shining One
 16011 | Lair:3   | Reached skill level 5 in Throwing
 16022 | Lair:3   | Found a staircase to the Swamp.
 16616 | Lair:4   | Found a staircase to the Slime Pits.
 16665 | Lair:4   | Found a viscous altar of Jiyva.
 16678 | Lair:4   | Noticed Nessos
 16679 | Lair:4   | Killed Nessos
 17484 | Lair:5   | Entered Level 5 of the Lair of Beasts
 18719 | Lair:5   | Reached XP level 15. HP: 105/117 MP: 23/23
 19688 | D:13     | Found a portal to a secret trove of treasure.
 19823 | D:13     | Noticed Snorg
 19828 | D:13     | Killed Snorg
 19981 | D:14     | Found a shimmering altar of Xom.
 20302 | D:14     | Reached ****** piety under the Shining One
 20540 | D:14     | Reached skill level 15 in Invocations
 20696 | D:14     | Reached XP level 16. HP: 127/127 MP: 27/27
 20726 | D:14     | Found a gate to the Vaults.
 21043 | D:2      | Bought a scroll of silence for 104 gold pieces
 21245 | Orc:1    | Entered Level 1 of the Orcish Mines
 21437 | Orc:2    | Entered Level 2 of the Orcish Mines
 21775 | Orc:2    | Found a staircase to the Elven Halls.
 22669 | Orc:2    | Found Cicootz's Armour Shop.
 22669 | Orc:2    | Found Hiytepne's Armour Boutique.
 22669 | Orc:2    | Found Hextual's Magic Scroll Boutique.
 22673 | Orc:2    | Found Muicoma's Antique Armour Shop.
 22789 | Orc:2    | Bought a scroll of fog for 68 gold pieces
 22789 | Orc:2    | Bought a scroll of enchant armour for 127 gold pieces
 22789 | Orc:2    | Bought a scroll of identify for 34 gold pieces
 22793 | Orc:2    | Bought a +2 kite shield of positive energy for 185 gold
                  | pieces
 22793 | Orc:2    | Bought a +0 pair of gloves for 45 gold pieces
 23008 | Snake:1  | Entered Level 1 of the Snake Pit
 23035 | Snake:1  | Reached skill level 1 in Evocations
 23832 | Snake:1  | Identified the serpent talisman of Goige {rN+}
 23832 | Snake:1  | Noticed Aizul
 23839 | Snake:1  | Killed Aizul
 24313 | Snake:2  | Noticed Vashnia
 24797 | Snake:2  | Noticed Frances
 24815 | Snake:2  | Killed Frances
 24955 | Snake:2  | Killed Vashnia
 25162 | Snake:2  | Noticed Roxanne
 25197 | Snake:2  | Identified the +0 chain mail of Urrarusa {rPois rCorr
                  | Dex+3}
 25348 | Snake:2  | Reached skill level 5 in Evocations
 25439 | Snake:2  | Reached XP level 17. HP: 137/139 MP: 28/28
 25490 | Snake:2  | Identified the +4 war axe "Dragonbane" {vamp, rPois rF+++
                  | Str-3 Dex+3}
 25983 | Snake:3  | Identified the amulet "Pixtiemi" {Faith rElec Regen+ Str-5}
 26409 | Snake:3  | Reached skill level 15 in Armour
 26706 | Snake:4  | Entered Level 4 of the Snake Pit
 27099 | Snake:4  | Reached skill level 15 in Fighting
 27600 | Snake:4  | Noticed Donald
 27604 | Snake:4  | Killed Donald
 28531 | Snake:4  | Reached XP level 18. HP: 112/146 MP: 29/29
 29759 | Snake:4  | Got a serpentine rune of Zot
 30353 | Swamp:1  | Entered Level 1 of the Swamp
 30515 | Swamp:1  | Found a white marble altar of Elyvilon.
 30625 | Swamp:1  | Found a transporter.
 30640 | Swamp:1  | Noticed Louise
 30640 | Abyss:3  | Found a corrupted altar of Lugonu.
 30640 | Abyss:3  | Cast into level 3 of the Abyss (Louise)
 30705 | Abyss:3  | Identified a +9 dire flail of holy wrath (a +7 dire flail
                  | of freezing blessed by the Shining One)
 30705 | Abyss:3  | Received a gift from the Shining One
 31216 | Swamp:1  | Escaped the Abyss
 31228 | Swamp:1  | Killed Louise
 31248 | Swamp:1  | Noticed ezpacito's ghost (journeyman DsBe)
 31437 | Swamp:1  | Found a transporter.
 31814 | Swamp:2  | Reached XP level 19. HP: 143/158 MP: 31/31
 33152 | Swamp:3  | Found a radiant altar of Vehumet.
 33333 | Swamp:4  | Entered Level 4 of the Swamp
 34354 | Swamp:4  | Got a decaying rune of Zot
 34767 | D:12     | Killed Jorgrun
 34806 | D:12     | Noticed Psyche
 34810 | D:12     | Killed Psyche
 35233 | D:12     | Noticed Nergalle
 35240 | D:12     | Killed Nergalle
 35329 | D:12     | Noticed Erolcha
 35342 | D:12     | Killed Erolcha
 35598 | D:12     | Found a runed translucent door.
 35599 | D:12     | Found a runed translucent door.
 35600 | D:12     | Found a runed translucent door.
 35969 | Vaults:1 | Entered Level 1 of the Vaults
 35977 | Vaults:1 | Reached XP level 20. HP: 150/168 MP: 32/32
 37402 | Vaults:1 | Found Qeklekh's General Store.
 37415 | Vaults:1 | Bought a potion of heal wounds for 85 gold pieces
 37889 | Vaults:1 | Identified the +10 arbalest "Kiotiuxu" {antimagic, Fly
                  | rElec rC+ rN+}
 38235 | Vaults:2 | Found a magical portal.
 38249 | WizLab   | Entered Doroklohe's Tomb
 38295 | WizLab   | Identified the +0 pair of gloves "Abiruggi" {Will+ MP-9
                  | Str+5 Dex+4}
 38510 | WizLab   | Noticed an Ice Fiend
 38519 | WizLab   | Killed an Ice Fiend
 38548 | WizLab   | Found the +8 orange crystal plate armour {Archmagi, Int+3
                  | Clar}
 38556 | WizLab   | Identified the +2 buckler of the Unbroken {rF+ rN+ Int+3}
 38775 | D:13     | You paid a toll of a +6 demon whip to enter a treasure
                  | trove
 38776 | Trove    | Entered a treasure trove
 38788 | Trove    | Identified the +1 pair of boots of Darkness {+Inv rF-
                  | Int+4}
 38809 | Trove    | Identified the +1 cloak of the Cooper {Regen+ Str+5 Int-3
                  | SInv}
 38811 | Trove    | Identified the +1 cloak "Ogurphydgh" {rPois Str+2 Dex+9
                  | Slay-5}
 38853 | Trove    | Identified the +0 hat of the Loofah {rElec rF+ Stlth-}
 38854 | Trove    | Identified the +3 helmet "Homebiel" {Dex+2}
 38855 | Trove    | Identified the +2 helmet "Zuvumut" {rElec rPois rF- SInv}
 39087 | Vaults:2 | Reached XP level 21. HP: 162/178 MP: 24/33
 39109 | Vaults:2 | Identified the +2 leather armour of Tiburicu {rN++ Will+
                  | Slay+2}
 39132 | Vaults:2 | Reached skill level 10 in Throwing
 39905 | Vaults:2 | Found a staircase to the Crypt.
 39905 | Vaults:2 | Found an ancient bone altar of Kikubaaqudgha.
 39906 | Vaults:2 | Found a basalt altar of Yredelemnul.
 40636 | Vaults:3 | Got Sif Muna's Compendium of Bewitchment
 41625 | Vaults:4 | Reached XP level 22. HP: 186/186 MP: 25/34
 42621 | D:15     | Entered Level 15 of the Dungeon
 42689 | D:15     | Found a staircase to the Depths.
 42858 | D:15     | Found a gate leading to a gauntlet.
 42886 | Gauntlet | Entered a Gauntlet
 42886 | Gauntlet | Found a transporter.
 42886 | Gauntlet | Found a transporter.
 42887 | Gauntlet | Found a runed translucent door.
 42892 | Gauntlet | Found a transporter.
 42894 | Gauntlet | Found a transporter.
 42894 | Gauntlet | Found a transporter.
 42897 | Gauntlet | Found a transporter.
 42935 | Gauntlet | Found a transporter.
 42937 | Gauntlet | Found a transporter.
 42937 | Gauntlet | Found a transporter.
 42949 | Gauntlet | Found a transporter.
 42965 | Gauntlet | Found a transporter.
 42975 | Gauntlet | Found a transporter.
 42998 | Gauntlet | Found a transporter.
 43014 | Gauntlet | Found a transporter.
 43158 | Gauntlet | Identified the +1 short sword of Apte {freeze, Will- MP+9
                  | Int+4}
 43222 | Gauntlet | Identified the +6 orcbow "Rorawore" {elec, Int+4}
 43222 | Gauntlet | Identified the +8 dagger "Poygeiwu" {heavy, Will++ rCorr}
 43237 | Gauntlet | Identified the dragon-blood talisman "Riunus" {rC+}
 43484 | D:15     | Identified the +2 chain mail "Ruzackeoze" {rPois}
 43893 | Elf:1    | Entered Level 1 of the Elven Halls
 44057 | Elf:1    | Found a flickering gateway to a bazaar.
 44074 | Bazaar   | Entered a bazaar
 44074 | Bazaar   | Found Bekidev's Magic Scroll Shoppe.
 44077 | Bazaar   | Found Ohyvarr's General Store.
 44091 | Bazaar   | Found Diedu's Distillery.
 44118 | Bazaar   | Found Tomaxoic's Assorted Antiques.
 44126 | Bazaar   | Found Hesiwn's Distillery.
 44134 | Bazaar   | Bought a potion of heal wounds for 65 gold pieces
 44134 | Bazaar   | Bought a potion of heal wounds for 65 gold pieces
 44134 | Bazaar   | Bought a potion of attraction for 39 gold pieces
 44134 | Bazaar   | Bought a potion of lignification for 39 gold pieces
 44134 | Bazaar   | Bought a potion of cancellation for 104 gold pieces
 44142 | Bazaar   | Bought a potion of curing for 90 gold pieces
 44153 | Bazaar   | Bought a scroll of fog for 56 gold pieces
 44153 | Bazaar   | Bought a scroll of fog for 56 gold pieces
 44153 | Bazaar   | Bought a scroll of revelation for 105 gold pieces
 44158 | Bazaar   | Bought a wand of paralysis (5) for 108 gold pieces
 44158 | Bazaar   | Bought a potion of curing for 27 gold pieces
 44158 | Bazaar   | Bought a scroll of fog for 36 gold pieces
 44172 | Bazaar   | Bought a potion of curing for 39 gold pieces
 44172 | Bazaar   | Bought a potion of heal wounds for 65 gold pieces
 44172 | Bazaar   | Bought a potion of attraction for 39 gold pieces
 44172 | Bazaar   | Bought a potion of curing for 39 gold pieces
 44172 | Bazaar   | Bought a potion of cancellation for 104 gold pieces
 44172 | Bazaar   | Bought a potion of curing for 39 gold pieces
 44199 | Bazaar   | Bought a wand of paralysis (4) for 288 gold pieces
 44199 | Bazaar   | Bought a scroll of fear for 120 gold pieces
 44210 | Bazaar   | Bought a scroll of poison for 56 gold pieces
 44210 | Bazaar   | Bought a scroll of poison for 56 gold pieces
 45092 | Elf:2    | Found a corrupted altar of Lugonu.
 45121 | Elf:2    | Identified the +7 orcbow of the Forging Enemy {drain,
                  | *Corrode *Slow rPois Will+++}
 45324 | Elf:2    | Found Qoippit's Book Emporium.
 45332 | Elf:2    | Bought a manual of Shields for 1520 gold pieces
 45484 | Elf:2    | Found a runed translucent gate.
 45493 | Elf:2    | Found a runed translucent gate.
 45493 | Elf:2    | Found a runed translucent gate.
 45517 | Elf:2    | Noticed Saint Roka
 45524 | Elf:2    | Killed Saint Roka
 45576 | Elf:2    | Noticed Zenata
 45613 | Elf:2    | Killed Zenata
 45943 | Elf:2    | Reached XP level 23. HP: 192/193 MP: 26/35
 46255 | Elf:2    | Noticed Azrael
 46268 | Elf:2    | Killed Azrael
 46457 | Elf:3    | Entered Level 3 of the Elven Halls
 46521 | Elf:3    | Noticed Norris
 46550 | Elf:3    | Killed Norris
 47486 | Elf:3    | Reached skill level 5 in Axes
 47858 | Elf:3    | Got the Vellum of Numb Malisons
 47871 | Elf:3    | Identified the +12 orcbow "Lamo" {freeze, rPois rN+++ Will-
                  | Stlth+}
 47890 | Elf:3    | Identified the amulet "Ykaam" {Spirit rF+ Will+ Slay+3}
 48008 | Elf:3    | Got the Folio of the Cloudy Gift
 48016 | Elf:3    | Identified the amulet "Iwug" {RegenMP Str+3 Slay-3}
 48538 | Swamp:1  | Killed ezpacito's ghost
 48778 | Snake:2  | Killed Roxanne
 49096 | Crypt:1  | Entered Level 1 of the Crypt
 49448 | Crypt:1  | Reached XP level 24. HP: 204/204 MP: 27/36
 50165 | Crypt:2  | Noticed Sojobo
 50281 | Crypt:2  | Killed Sojobo
 50929 | Crypt:3  | Entered Level 3 of the Crypt
 51252 | Crypt:3  | Found an ancient bone altar of Kikubaaqudgha.
 51397 | Crypt:3  | Reached skill level 10 in Axes
 51865 | Crypt:3  | Found a staircase to the Tomb.
 51992 | Crypt:3  | Identified the +10 quick blade of Pride {heavy, rPois}
 51994 | Crypt:3  | Got the Directory of the Retinue and Attacks
 52081 | Crypt:3  | Reached XP level 25. HP: 204/210 MP: 27/37
 52395 | D:11     | Bought a potion of curing for 42 gold pieces
 52395 | D:11     | Bought a scroll of immolation for 56 gold pieces
 52395 | D:11     | Bought a scroll of fog for 56 gold pieces
 52496 | Depths:1 | Entered Level 1 of the Depths
 52576 | Depths:1 | Found a shadowy altar of Dithmenos.
 52634 | Depths:1 | Found Xuvvydax's Assorted Antiques.
 52645 | Depths:1 | Found Zafryale's Weapon Emporium.
 52645 | Depths:1 | Found Zoghex's Antique Armour Shoppe.
 52714 | Depths:1 | Bought 2 darts of dispersal for 23 gold pieces
 52822 | Depths:1 | Found a gateway to Hell.
 52904 | Depths:1 | Identified the ring "Wuemuekk" {rPois rF+++ rN+ rCorr
                  | Int-4}
 53059 | Depths:1 | Found a one-way gate to the infinite horrors of the Abyss.
 53228 | Depths:1 | Found a broken altar of Ashenzari.
 54021 | Depths:2 | Found a sparkling altar of Nemelex Xobeh.
 54821 | Depths:2 | Found a one-way gate leading to the halls of Pandemonium.
 55137 | Depths:2 | Reached XP level 26. HP: 214/218 MP: 29/38
 55234 | Depths:2 | Noticed an ancient lich
 55246 | Depths:2 | Killed an ancient lich
 55277 | Depths:2 | Identified the staff "Caoraiw" {rElec rPois Int+3 Dex+3
                  | Alchemy}
 55721 | Depths:3 | Found Qefuedeon's General Store.
 55729 | Depths:3 | Found Tyigh's Assorted Antiques.
 55729 | Depths:3 | Found Pics's Antique Weapon Boutique.
 55732 | Depths:3 | Found Ugeuwn's Antique Armour Shop.
 55745 | Depths:3 | Bought a scroll of enchant armour for 345 gold pieces
 55760 | Depths:3 | Bought a pair of pitted gloves for 351 gold pieces
 55760 | Depths:3 | Identified the +2 pair of gloves of Wariness {rC++} (You
                  | bought it in a shop on level 3 of the Depths)
 55880 | Depths:3 | Reached skill level 15 in Axes
 55973 | Depths:3 | Noticed a juggernaut
 56009 | Depths:2 | Killed a juggernaut
 56130 | Depths:3 | Noticed a juggernaut
 56150 | Depths:3 | Killed a juggernaut
 57240 | Depths:4 | Entered Level 4 of the Depths
 57644 | Depths:4 | Noticed Parghit
 57747 | Depths:4 | Killed Parghit
 58050 | Depths:4 | Found a one-way gateway to a ziggurat.
 58241 | Depths:4 | Reached XP level 27. HP: 204/224 MP: 38/38
 58573 | Depths:4 | Noticed a juggernaut
 58594 | Depths:4 | Killed a juggernaut
 58779 | Depths:4 | Found a gate to the Realm of Zot.
 59164 | Slime:1  | Entered Level 1 of the Pits of Slime
 59218 | Slime:1  | Gained mutation: You expend magic power (3 MP) to
                  | strengthen your wands. [a shining eye]
 59324 | Slime:3  | Gained mutation: You occasionally lose the ability to read
                  | scrolls when taking damage. [a shining eye]
 59480 | Slime:5  | Entered Level 5 of the Pits of Slime
 59534 | Slime:5  | Noticed the Royal Jelly
 59540 | Slime:5  | Gained mutation: You are weak. (Str -2) [a shining eye]
 59543 | Slime:5  | Gained mutation: Your body sometimes deteriorates upon
                  | taking damage. [a shining eye]
 59544 | Slime:5  | Gained mutation: You are vulnerable to cold. (rC-) [a
                  | shining eye]
 59711 | Slime:4  | Lost mutation: Your body sometimes deteriorates upon taking
                  | damage. [potion of mutation]
 59711 | Slime:4  | Lost mutation: You are vulnerable to cold. (rC-) [potion of
                  | mutation]
 59711 | Slime:4  | Lost mutation: You occasionally lose the ability to read
                  | scrolls when taking damage. [potion of mutation]
 59711 | Slime:4  | Gained mutation: Your spells are a little easier to cast,
                  | but a little less powerful. [potion of mutation]
 59711 | Slime:4  | Gained mutation: You are very weak. (Str -4) [potion of
                  | mutation]
 59944 | Slime:5  | Gained mutation: You occasionally lose the ability to read
                  | scrolls when taking damage. [a shining eye]
 60167 | Slime:5  | Killed the Royal Jelly
 60237 | Slime:5  | Identified the amulet "Xarchara" {Acrobat rCorr Str+2 Int-2
                  | Stlth+}
 60238 | Slime:5  | Identified the amulet "Heecien" {Spirit Str+3 Int+5 Stlth+}
 60247 | Slime:5  | Identified the +7 long sword "Offub" {drain, Dex+4}
 60300 | Slime:5  | Identified the +3 spear of Kismet {flame, rCorr}
 60304 | Slime:5  | Identified the ring "Lijum" {rF+ rN+}
 60484 | Slime:5  | Identified the ring of Winter {rF++ Str+6}
 60490 | Slime:5  | Got a slimy rune of Zot
 60580 | Lair:4   | Lost mutation: Your spells are a little easier to cast, but
                  | a little less powerful. [potion of mutation]
 60580 | Lair:4   | Lost mutation: You expend magic power (3 MP) to strengthen
                  | your wands. [potion of mutation]
 60580 | Lair:4   | Lost mutation: You are very weak. (Str -4) [potion of
                  | mutation]
 60580 | Lair:4   | Gained mutation: Your health recovers twice as slowly from
                  | being drained. [potion of mutation]
 60580 | Lair:4   | Lost mutation: You occasionally lose the ability to read
                  | scrolls when taking damage. [potion of mutation]
 60581 | Lair:4   | Lost mutation: You are weak. (Str -2) [potion of mutation]
 60581 | Lair:4   | Lost mutation: Your health recovers twice as slowly from
                  | being drained. [potion of mutation]
 60581 | Lair:4   | Gained mutation: Your flesh is cold resistant. (rC+)
                  | [potion of mutation]
 60581 | Lair:4   | Gained mutation: You are somewhat resistant to further
                  | mutation. [potion of mutation]
 60868 | Vaults:4 | You are sucked into a shaft and drop 1 floor!
 60868 | Vaults:5 | Entered Level 5 of the Vaults
 61034 | Vaults:5 | Found the +2 shield of Resistance {rF++ rC++ Will++}
 61062 | Vaults:5 | Got a silver rune of Zot
 61143 | Vaults:5 | Noticed a dread lich
 61183 | Vaults:5 | Killed a dread lich
 61230 | Vaults:5 | Identified the +8 battleaxe of Duty {distort, Str-2 Dex+3
                  | Stlth+}
 61247 | Vaults:5 | Found Lutz's Weapon Shoppe.
 61350 | Vaults:5 | Identified the staff of Dissolution {^Drain rPois rCorr
                  | Fire Alchemy}
 61456 | Vaults:5 | Acquired 885 gold pieces
 61663 | Vaults:5 | Noticed a dread lich
 61671 | Vaults:5 | Killed a dread lich
 61883 | Vaults:5 | Identified the +0 leather armour of Efeenu {Rampage rC+}
 62226 | Vaults:5 | Identified the +4 trident of Okawaru, Bespelling {holy,
                  | Int+3}
 62847 | Zot:1    | Entered Level 1 of the Realm of Zot
 63072 | Zot:1    | Found Lemnin's Changing Room.
 63080 | Zot:1    | Bought a potion of mutation for 200 gold pieces
 63080 | Zot:1    | Bought a potion of mutation for 200 gold pieces
 63344 | Zot:1    | Identified the +6 quarterstaff "Xoteokhusk" {venom, Int+4}
 66810 | Zot:4    | Identified the amulet "Pavuysse" {Spirit *Slow rElec rPois
                  | Slay+5}
 66897 | Zot:4    | Found the +4 dragonskin cloak
 66897 | Zot:4    | Noticed Tiamat
 66926 | Zot:4    | Killed Tiamat
 67286 | Zot:4    | Identified the +7 chain mail of Impatience {Dex+2}
 67599 | Zot:5    | Entered Level 5 of the Realm of Zot
 68209 | Depths:4 | Voluntarily entered the Abyss.
 68526 | Abyss:4  | Found a corrupted altar of Lugonu.
 68951 | Abyss:4  | Reached skill level 27 in Invocations
 69229 | Abyss:4  | Got an abyssal rune of Zot
 69362 | Depths:4 | Escaped the Abyss
 69500 | Pan      | Entered Pandemonium
 69601 | Pan      | Reached skill level 15 in Throwing
 69616 | Pan      | Noticed Zimmap the pandemonium lord
 69628 | Pan      | Killed Zimmap the pandemonium lord
 69761 | Pan      | Acquired 734 gold pieces
 69799 | Pan      | Noticed Yneitrug the pandemonium lord
 69814 | Pan      | Killed Yneitrug the pandemonium lord
 69830 | Pan      | Entered the realm of Cerebov.
 69830 | Pan      | Noticed Ignacio
 69837 | Pan      | Killed Ignacio
 70276 | Pan      | Identified the ring "Tavon" {rN+ rCorr Str+5}
 70308 | Pan      | Acquired a manual of Evocations
 70354 | Pan      | Identified the +9 great sword "Moitauz" {freeze, *Noise
                  | rElec Dex+3 SInv}
 70432 | Pan      | Found the +6 sword of Cerebov {flame}
 70432 | Pan      | Noticed Cerebov
 70491 | Pan      | Killed Cerebov
 70526 | Pan      | Identified the ring of Creativity {rF+ Will+}
 70610 | Pan      | Identified the staff of Viaxkih {+Blink rF+ MP+9 Int+4 Fire
                  | Ice}
 70653 | Pan      | Got the Cyclopedia of Gathered Silt
 70720 | Pan      | Got a fiery rune of Zot
 71619 | Pan      | Noticed Assac the pandemonium lord
 71641 | Pan      | Killed Assac the pandemonium lord
 71653 | Pan      | Reached skill level 27 in Shields
 71767 | Pan      | Got a demonic rune of Zot
 71841 | Pan      | Entered the realm of Mnoleg.
 71857 | Pan      | Gained mutation: You occasionally shout uncontrollably at
                  | your foes. [a cacodemon]
 71951 | Pan      | Found an exit through the horrors of the Abyss.
 71989 | Pan      | Gained mutation: You are covered in fur. (AC +1) [a shining
                  | eye]
 72070 | Pan      | Lost mutation: You are somewhat resistant to further
                  | mutation. [a cacodemon]
 72211 | Pan      | Gained mutation: Your body sometimes deteriorates upon
                  | taking damage. [a shining eye]
 72402 | Pan      | Gained mutation: You are weak. (Str -2) [a cacodemon]
 72498 | Pan      | Noticed Mnoleg
 72514 | Pan      | Killed Mnoleg
 72537 | Pan      | Reached skill level 10 in Evocations
 72542 | Pan      | Gained mutation: You are very weak. (Str -4) [a cacodemon]
 72682 | Pan      | Got a glowing rune of Zot
 72813 | Pan      | Lost mutation: You are very weak. (Str -4) [potion of
                  | mutation]
 72813 | Pan      | Lost mutation: Your body sometimes deteriorates upon taking
                  | damage. [potion of mutation]
 72813 | Pan      | Lost mutation: You are weak. (Str -2) [potion of mutation]
 72813 | Pan      | Gained mutation: You are somewhat resistant to further
                  | mutation. [potion of mutation]
 72815 | Pan      | Entered the realm of Gloorx Vloq.
 73223 | Pan      | Reached skill level 27 in Fighting
 73248 | Pan      | Noticed Gloorx Vloq
 73259 | Pan      | Killed Gloorx Vloq
 73272 | Pan      | Reached skill level 15 in Evocations
 73394 | Pan      | Got a dark rune of Zot
 73451 | Pan      | Entered the realm of Lom Lobon.
 74273 | Pan      | Noticed Lom Lobon
 74297 | Pan      | Killed Lom Lobon
 74302 | Pan      | Got a magical rune of Zot
 74648 | Pan      | Found an exit through the horrors of the Abyss.
 74825 | Pan      | Identified the +1 dagger of Quecoef {protect, Dex+3}
 75109 | Pan      | Identified the +0 ring mail "Kaxol" {rElec Dex+7 Slay-6
                  | Stlth+}
 75739 | Pan      | Found an exit through the horrors of the Abyss.
 75768 | Pan      | Took an exit into the Abyss.
 75768 | Abyss:4  | Escaped into the Abyss
 75803 | Depths:2 | Escaped the Abyss
 76119 | Zot:5    | Noticed an ancient lich
 76133 | Zot:5    | Killed an ancient lich
 76291 | Zot:5    | Noticed an ancient lich
 76291 | Zot:5    | Noticed a dread lich
 76297 | Zot:5    | Killed an ancient lich
 76298 | Zot:5    | Noticed a Killer Klown
 76300 | Zot:5    | Killed a dread lich
 76309 | Zot:5    | Killed a Killer Klown
 76319 | Zot:5    | Reached skill level 27 in Armour
 76346 | Zot:5    | Noticed a Killer Klown
 76368 | Zot:5    | Killed a Killer Klown
 76374 | Zot:5    | Noticed a Killer Klown
 76379 | Zot:5    | Noticed a Killer Klown
 76396 | Zot:5    | Killed a Killer Klown
 76435 | Zot:5    | Killed a Killer Klown
 76492 | Zot:5    | Noticed an orb of fire
 76503 | Zot:5    | Killed an orb of fire
 76605 | Zot:5    | Noticed a Killer Klown
 76612 | Zot:5    | Noticed a Killer Klown
 76616 | Zot:5    | Noticed an orb of fire
 76618 | Zot:5    | Noticed a Killer Klown
 76619 | Zot:5    | Noticed an orb of fire
 76625 | Zot:5    | Noticed a Killer Klown
 76627 | Zot:5    | Noticed a Killer Klown
 76631 | Zot:5    | Killed an orb of fire
 76638 | Zot:5    | Killed an orb of fire
 76642 | Zot:5    | Noticed a Killer Klown
 76652 | Zot:5    | Killed a Killer Klown
 76652 | Zot:5    | Killed a Killer Klown
 76659 | Zot:5    | Killed a Killer Klown
 76664 | Zot:5    | Reached skill level 5 in Dodging
 76670 | Zot:5    | Killed a Killer Klown
 76673 | Zot:5    | Killed a Killer Klown
 76696 | Zot:5    | Killed a Killer Klown
 76920 | Zot:5    | Got the Orb of Zot
 76986 | Zot:5    | Noticed a seraph
 77013 | Zot:5    | Killed a seraph
 77072 | Zot:1    | Noticed Qicsiteg the pandemonium lord
 77138 | Depths:4 | Noticed a seraph
 77141 | Depths:4 | Identified the +1 tower shield of the Assorted Runes {rN+
                  | rCorr Stlth+}
 77152 | Depths:4 | Killed a seraph
 77212 | Depths:2 | Noticed Riycs the pandemonium lord
 77219 | Depths:2 | Killed Riycs the pandemonium lord
 77385 | D:9      | Noticed Yziotei the pandemonium lord
 77482 | D:$      | Escaped with the Orb!

Illustrated notes

Levels and vault maps discovered:
D:1:      eino_arrival_tree_alley, layout_basic
D:2:      minmay_general_purpose_star, layout_basic, serial_shops,
          nicolae_shop_tiny_glass, hellmonk_ecumenical_altar_zigzags,
          minmay_misc_feat_chi, uniq_terence
D:3:      minmay_chambers_of_threes, layout_loops_cross,
          gammafunk_temple_overflow_wave, serial_glass, glass_columns_a,
          glass_columns_b, feat_on_display, kennysheep_generic_room_9
D:4:      kennysheep_the_goblin_king, layout_basic, uniq_duvessa, uniq_menkaure
D:5:      layout_cave_pools, temple_green, lightli_sewer_entry_pipes
D:6:      layout_basic, gammafunk_ghost_cemetery, nicolae_shop_dragon_depot,
          kennysheep_small_spiral, kennysheep_decorative_pillar,
          minmay_ogre_servants, uniq_eustachio
D:7:      layout_basic, st_stairs_10, kennysheep_diamond, chequers_jeans
D:8:      cheibrodos_helix_gallery, layout_loops_ring
D:9:      layout_gridville, gammafunk_temple_overflow_statue
D:10:     layout_roguey, minmay_orc_entry_temple_small
D:11:     layout_basic, david_lair_shrubbed, serial_shops,
          nicolae_shop_tiny_real_fake_doors, nicolae_have_a_lightning_rod
D:12:     minmay_the_grid_triangle_9x9_rhombus_full_mashed
          [minmay_the_grid_triangle_9x9_limited_checkers,
          minmay_the_grid_triangle_9x9_negative_grid,
          minmay_the_grid_triangle_9x9_corrupted_corridor,
          minmay_the_grid_triangle_9x9_zippers_horizontal,
          minmay_the_grid_triangle_9x9_fully_insulated_deathbox,
          minmay_the_grid_triangle_9x9_sprig,
          minmay_the_grid_triangle_9x9_longest,
          minmay_the_grid_triangle_9x9_prize_top_heavy], layout_grid_maze,
          chequers_hall_statues_corner_a, uniq_nergalle, uniq_jorgrun,
          uniq_psyche, uniq_erolcha
D:13:     layout_long_grid, enter_trove_1, uniq_snorg
D:14:     layout_cave_pools, hangedman_vaults_entry_quadrant_bands,
          regret_index_xom_buried_treasure
D:15:     hangedman_depths_entry_civil_slaughter, layout_long_grid,
          gauntlet_entry_generic, serial_library_hellmonk_u_bend
Temple:   dpeg_three_leaves_temple
Lair:1:   layout_gridlike, portal_ice_cave_entry_pillars_2
Lair:2:   layout_hall_layers, serial_bayou_shore_a, uniq_maggie, uniq_harold
Lair:3:   layout_cave_shapes, nicolae_swamp_entry_splash_gauntlet,
          dummy_snake_entry, grunt_forest_small_clearings,
          nicolae_lair_grove_arrangements, grunt_megastairs_3, uniq_josephine,
          uniq_kirke
Lair:4:   layout_layer_cave, minmay_slime_entry_oklob_open, grunt_megastairs_5,
          infiniplex_staircase_pool, uniq_nessos
Lair:5:   hangedman_lair_caniforms_friends, layout_regular_city,
          guppyfry_lair_end_dragon
Swamp:1:  nicolae_swamp_ascending_descending_big, layout_basic_swamp,
          gammafunk_ghost_mausoleum, basic_altar, swamp_pool_1_2, uniq_louise
Swamp:2:  layout_basic_swamp, evilmike_swamp_ruin_wall,
          infiniplex_staircase_pool_2
Swamp:3:  layout_basic_swamp, nicolae_swamp_godswood
Swamp:4:  swamp, layout_basic_swamp
Snake:1:  nicolae_snake_nest, layout_basic, uniq_aizul
Snake:2:  layout_rooms, nicolae_snake_shapes, uniq_vashnia, uniq_frances,
          uniq_roxanne
Snake:3:  layout_onion_interference
Snake:4:  johnstein_snake_rune_scales, layout_chambers, st_stairs_8,
          nicolae_snake_ghostly_warrior_ritual, uniq_donald
Slime:1:  layout_caves, cheibrodos_slime_lost_civilization_4
Slime:2:  layout_caves
Slime:3:  layout_caves, nicolae_slime_getting_an_eyeful
Slime:4:  layout_caves, cheibrodos_slime_lost_civilization_7
Slime:5:  slime_pit_nicolae_jellycorners
Orc:1:    layout_diamond_mine, basic_altar
Orc:2:    st_orc_mages, layout_diamond_mine
Elf:1:    layout_geoelf_grid, serial_shops, bzr_firewalk,
          hangedman_elf_disciples, grunt_megastairs_2
Elf:2:    nicolae_elf_blades_crystal_corner, layout_onion_city, serial_shops,
          shop, nicolae_elf_theology_debate, uniq_azrael, uniq_saint_roka,
          uniq_zenata
Elf:3:    elf_hall_gauntlet_wide, layout_geoelf_octagon, uniq_norris
Vaults:1: vaults_room_mumra_shop_pool, nicolae_vaults_tetromino_Z_2,
          nicolae_vaults_octothorpe, nicolae_vaults_security_offices_3,
          nicolae_vaults_closet_pinwheel_4, v_misc_32, v_misc_11,
          nicolae_vaults_storage_room_doors, nicolae_vaults_yaktaur_gun_rack,
          layout_vaults_chaotic_city
Vaults:2: infiniplex_enter_wizlab_water, nicolae_vaults_sealed_display,
          hangedman_vaults_nails, ontoclasm_vaults_idyll,
          nicolae_vaults_network_periphery, nicolae_vaults_little_squares_3,
          minmay_crypt_entry_necro_gods, hangedman_vaults_stream, v_misc_30,
          nicolae_vaults_little_squares_2, nicolae_vaults_apartment_1,
          nicolae_vaults_trapezoid_lopsided_1, nicolae_vaults_little_squares_6,
          nicolae_vaults_little_squares_6, vaults_dpeg_emergency_exit,
          nicolae_vaults_double_plus_1, layout_vaults_omnicross
Vaults:3: nicolae_vaults_oval_intersection, nicolae_vaults_specimen_jars,
          ontoclasm_vaults_ring_square, nicolae_whirlpool,
          vaults_mumra_minichess_inversion, nicolae_vaults_stepped_doors,
          hangedman_vaults_impose, vaults_standard_mumra_x,
          nicolae_vaults_trapezoid_lopsided_1, layout_vaults_ring
Vaults:4: nicolae_vaults_border_crossing, nicolae_vaults_network_s,
          nicolae_vaults_three_branches, nicolae_vaults_tangram_2,
          vaults_dpeg_doors, vaults_room_boxed, nicolae_vaults_cornered_office,
          nicolae_vaults_antechamber_and_loot_room,
          nicolae_vaults_trapezoid_layered, hangedman_vaults_corner_blocks,
          nicolae_vaults_sightless_eye, vaults_mumra_lcd,
          nicolae_vaults_little_ls, vaults_room_door_ring,
          ontoclasm_vaults_ring_small, layout_vaults_maze, uniq_margery
Vaults:5: serial_shops
Crypt:1:  layout_misc_corridors, nrook_guardian_serpent_ordinary,
          grunt_crypt_arrival_webbed
Crypt:2:  layout_misc_corridors, chequers_big_river, nicolae_crypt_wrong_turn,
          lemuel_elevator, uniq_sojobo
Crypt:3:  grunt_crypt_end_deaths_head
Depths:1: layout_gridlike, pf_hell_entry_tar_river,
          nicolae_abyss_entry_one_way_or_another,
          grunt_dithmenos_smoke_and_mirrors, evilmike_ruin_ashenzari,
          minmay_shop_star
Depths:2: bobbens_index_wilting_gardens, layout_gridlike, lightli_too_deep,
          rand_demon_pan_entry_3, nemelex_altar_shiori
Depths:3: evilmike_diamond_1, layout_basic, hell_entry,
          abyss_entry_small_statue_room, minmay_staircase_windowed_small,
          minmay_shoptagon
Depths:4: grunt_runaround [grunt_runaround_zot, grunt_runaround_doors_1,
          grunt_runaround_doors_2, grunt_runaround_doors_3,
          grunt_runaround_doors_4], hell_entry, serial_shops, abyss_entry,
          uniq_parghit
Zot:1:    layout_twisted_circle, regret_index_zotdec_barnacled_alternative,
          nicolae_transmutations_shop
Zot:2:    layout_gridville, regret_index_zotdec_misc_clamp,
          st_small_dragon_hoard_5,
          regret_index_zotdec_abyssal_contain_seething_sorcery
Zot:3:    layout_concentric_octagons, hangedman_zot_decor_checkerboard,
          grunt_ministairs_9
Zot:4:    layout_basic, uniq_tiamat
Zot:5:    layout_basic

Skill      XL: |  1  2  3  4  5  6  7  8  9 10 11 12 13 14 15 16 17 18 19 20 21 22 23 24 25 26 27 |
---------------+----------------------------------------------------------------------------------+-----
Fighting       | 4 5 6 7 8 9 10 12 14 15 16 17 18 20 27 | 27.0
Short Blades   | 1 |  1.4
Armour         | 1 2 3 5 6 8 9 10 11 14 15 17 19 20 21 22 23 24 27 | 27.0
Maces & Flails | 1 2 3 4 6 7 9 10 12 13 | 13.9
Shields        | 1 3 4 5 7 10 12 14 15 16 17 18 20 21 22 24 25 27 | 27.0
Invocations    | 1 3 4 5 6 7 10 11 15 17 19 21 22 27 | 27.0
Throwing       | 4 6 7 8 9 11 12 19 | 19.2
Evocations     | 5 7 20 | 20.4
Axes           | 7 11 14 16 22 | 22.6
Dodging        | 5 |  5.0
Stealth        | |  6.1
Spellcasting   | |  0.2
Hexes          | |  0.8

Action                     |  1- 3 |  4- 6 |  7- 9 | 10-12 | 13-15 | 16-18 | 19-21 | 22-24 | 25-27 || total
---------------------------+-------+-------+-------+-------+-------+-------+-------+-------+-------++-------
  Melee: Hand axe          |     7 |       |       |       |       |       |       |       |       ||     7
         Dagger            |    51 |   219 |    14 |       |       |       |       |       |       ||   284
         Punch             |       |     3 |       |       |       |       |       |       |       ||     3
         Morningstar       |       |    24 |   304 |    99 |       |       |       |       |       ||   427
         Unarmed           |       |       |    12 |       |       |       |       |       |       ||    12
         Dire flail        |       |       |       |   420 |   800 |  1270 |  1453 |  1616 |  1842 ||  7401
         Executioner's axe |       |       |       |       |       |       |       |       |  2780 ||  2780
  Throw: Stone             |     3 |     9 |    28 |       |       |       |       |       |       ||    40
         Dart              |       |     5 |    10 |    42 |    34 |    12 |       |       |       ||   103
         Boomerang         |       |       |       |    15 |       |    83 |    20 |    24 |   161 ||   303
         Javelin           |       |       |       |     5 |       |       |    11 |     1 |    64 ||    81
 Invoke: Divine Shield     |       |       |     1 |     5 |     7 |     9 |     6 |     8 |    13 ||    49
         Summon Divine War |       |       |       |       |       |     2 |     3 |     1 |    18 ||    24
         Cleansing Flame   |       |       |       |       |       |     1 |     5 |     2 |     6 ||    14
         Brand Weapon With |       |       |       |       |       |     1 |       |       |       ||     1
Ability: Shaft Self        |       |       |       |     2 |       |       |       |       |     1 ||     3
         Dig               |       |       |       |     7 |     8 |     8 |     3 |     2 |    13 ||    41
  Evoke: Wand              |       |     6 |    10 |    34 |     8 |     5 |     7 |     1 |    41 ||   112
         Lightning rod     |       |       |       |       |     1 |       |       |       |       ||     1
         Phial of floods   |       |       |       |       |       |       |     3 |       |       ||     3
         Box of beasts     |       |       |       |       |       |       |     1 |       |     2 ||     3
         Phantom mirror    |       |       |       |       |       |       |       |     1 |     1 ||     2
         Tin of tremorston |       |       |       |       |       |       |       |       |     5 ||     5
    Use: Scroll            |     5 |     1 |     5 |    16 |     7 |     2 |     7 |     7 |    23 ||    73
         Potion            |       |     2 |     2 |     2 |     3 |     7 |     4 |     3 |    20 ||    43
   Stab: Sleeping          |    10 |       |       |       |       |       |       |       |       ||    10
         Paralysed         |       |     4 |       |       |       |       |       |       |       ||     4
 Armour: Leather armour    |    12 |       |       |       |       |       |       |       |       ||    12
         Gold dragon scale |    10 |   181 |   273 |   197 |   336 |   354 |   608 |   116 |  1530 ||  3605
         Ring mail         |     5 |       |       |       |       |       |       |       |       ||     5
         Skin              |       |       |       |       |       |       |     6 |       |     4 ||    10
         Crystal plate arm |       |       |       |       |       |       |       |   432 |   864 ||  1296
  Dodge: Dodged            |    17 |     6 |    19 |    39 |    61 |    74 |   130 |   138 |   558 ||  1042
  Block: Other             |     7 |    37 |     1 |       |       |       |       |       |       ||    45
         Reflection        |       |     3 |     4 |    15 |    52 |    91 |    45 |     4 |       ||   214
         Buckler           |       |    22 |   118 |       |       |       |       |       |       ||   140
         Kite shield       |       |       |    45 |   370 |   609 |   722 |       |       |       ||  1746
         Tower shield      |       |       |       |       |       |    93 |  1391 |  1208 |  4423 ||  7115
